[Event "Late-Titled-Tuesday-Blitz-February-06-2024"]
[Site "Chess.com"]
[Date "2024.02.06"]
[Round "5"]
[White "Rud_Makarian"]
[Black "Vladimir_Zakhartsov"]
[Result "1/2-1/2"]
[WhiteElo "3034"]
[BlackElo "2823"]
[TimeControl "180+1"]
[EndTime "14:56:17 PST"]
[Termination "Game drawn - insufficient material"]

1. d4 Nf6 2. c4 g6 3. Nc3 d5 4. Bf4 Bg7 5. e3 O-O 6. Rc1 c5 7. dxc5 Be6 8. Nf3 Nc6 9. Ng5 Qa5 10. Nxe6 fxe6 11. Qa4 Qxc5 12. Qb5 Qxb5 13. cxb5 Na5 14.
Be2 Rac8 15. O-O Nd7 16. Bg4 Kf7 17. Nxd5 Bxb2 18. Rcd1 Ne5 19. Bxe5 Bxe5 20. Nf4 Bxf4 21. exf4 Rfd8 22. Rde1 Rd6 23. Re2 Rc5 24. Rfe1 Rxb5 25. Bxe6+ Kf8 26. Bg4 Nc6 27. g3 Rbd5 28. Kg2 Rd2 29.
Rc1 Rxe2 30. Bxe2 Rd2 31. Bc4 Nd4 32. a4 Rc2 33. Rxc2 Nxc2 34. Kf3 e6 35. Ke4 Ke7 36. g4 Nb4 37. h4 b6 38. f5 exf5+ 39. gxf5 Kf6 40. fxg6 hxg6 41. f4 Nc2 42. Bd3 Nb4 43. Be2 Ke6 44. Bc4+ Kf6 45. Bb3 Na6 46. Bc2 Nb4 47. Bb1 Ke6 48. Kd4 Kf6 49. Kc4 Na6 50. Kb5 Nc5 51. a5 Ne6 52. a6 Nc7+ 53. Kc6 Nxa6 54. Kb7 Nc5+ 55. Kxa7 Ne6 56. Kxb6 Nxf4 57. Bxg6 Kxg6 58. h5+ Kxh5 1/2-1/2

[Event "Late-Titled-Tuesday-Blitz-February-06-2024"]
[Site "Chess.com"]
[Date "2024.02.06"]
[Round "5"]
[White "Kosak12"]
[Black "zverr1"]
[Result "1/2-1/2"]
[WhiteElo "2821"]
[BlackElo "2584"]
[TimeControl "180+1"]
[EndTime "14:56:17 PST"]
[Termination "Game drawn by repetition"]

1. Nf3 Nf6 2. b3 g6 3. Bb2 Bg7 4. d4 d5 5. e3 O-O 6. Bd3 a5 7. a3 Ne4 8. c4 e6 9. O-O c5 10. Nc3 Nxc3 11. Bxc3 Nc6 12. Rc1 cxd4 13. exd4 e5 14.
Nxe5 Nxe5 15. dxe5 d4 16. Bb2 Bxe5 17. Re1 Bg7 18. Qf3 Be6 19. Be4 Qb6 20. a4 Rad8 21. Red1 Rd7 22. Rd3 Rfd8 23. c5 Qb4 24. Qd1 Bh6 25.
Ra1 Qxc5 26. h3 Bf5 27. Qf3 Bxe4 28. Qxe4 Bg7 29. Rc1 Qe5 30. Qxe5 Bxe5 31. Rc5 Rd5 32. Rc4 b6 33. Rc6 R5d6 34. Rc4 Kg7 35. g3 g5 36. Kg2 h6 37. Kf3 Bf6 38. Kg2 Be5 39. Rc2 Bf6 40. Re2 Rd5 41. f4 gxf4 42. gxf4 Kg6 43. Kf3 Kf5 44. h4 Bxh4 45. Rh2 Bf6 46. Rxh6 Rh8 47. Rxh8 Bxh8 48. Bc1 Bf6 49. Bd2 Rc5 50.
Be1 Rc1 51. Bd2 Rb1 52. Ke2 Ke4 53. Rh3 d3+ 54. Rxd3 Bd4 55. Rh3 Rg1 56. Rh6 Rg2+ 57. Ke1 Kd3 58. Rh3+ Ke4 59. Rh6 Rg1+ 60. Ke2 Rg2+ 61.
Ke1 1/2-1/2

[Event "Late-Titled-Tuesday-Blitz-February-06-2024"]
[Site "Chess.com"]
[Date "2024.02.06"]
[Round "5"]
[White "snowlord"]
[Black "Mikasinski"]
[Result "1-0"]
[WhiteElo "2870"]
[BlackElo "2612"]
[TimeControl "180+1"]
[EndTime "14:56:18 PST"]
[Termination "snowlord won by resignation"]

1. e4 c5 2. Nf3 d6 3. d4 cxd4 4.
Nxd4 Nf6 5. Bd3 Nc6 6. Nxc6 bxc6 7. b3 d5 8. e5 Nd7 9. e6 Nf6 10. exf7+ Kxf7 11. Bb2 Bg4 12. Be2 Bf5 13. Nd2 e6 14. O-O Bd6 15. Nf3 Qc7 16. c4 Rhd8 17. cxd5 exd5 18. Rc1 Bf4 19. Ra1 c5 20. g3 Bd6 21.
Bd3 Bg4 22. h3 Bh5 23. Bxf6 Kxf6 24. g4 Bg6 25. Bxg6 hxg6 26. Re1 Bf4 27. Qd3 Qd6 28. Rad1 Rd7 29. Kg2 Rh8 30. h4 Kf7 31. Re4 dxe4 32.
Qc4+ Kf8 33. Rxd6 exf3+ 34. Kxf3 Bxd6 35. Qe6 Rf7+ 36. Kg2 Rxh4 37. Qxd6+ Re7 38. Qd8+ Kf7 39. Qd5+ Kf8 40. Kg3 g5 41. Qxg5 Rh6 42. Qxc5 Ra6 43. Qf5+ Rf6 44. Qc8+ Re8 45. Qc4 g6 46. Qd4 Kf7 47.
Qxa7+ Re7 48. Qd4 Rfe6 49. a4 Rf6 50. a5 Rfe6 51. b4 Re4 52. Qd5+ Kf6 53. b5 R7e5 54.
Qd6+ Re6 55. Qf8+ Ke5 56. Qc5+ Kf6 57. a6 R4e5 58. Qd4 Kf7 59. a7 Re8 60. Qd7+ R5e7 61.
Qd5+ Kf6 62. a8=Q Rxa8 63. Qxa8 1-0

[Event "Late-Titled-Tuesday-Blitz-February-06-2024"]
[Site "Chess.com"]
[Date "2024.02.06"]
[Round "5"]
[White "YouShallNotPass001"]
[Black "mac0504"]
[Result "1-0"]
[WhiteElo "2473"]
[BlackElo "2701"]
[TimeControl "180+1"]
[EndTime "14:56:18 PST"]
[Termination "YouShallNotPass001 won by resignation"]

1. Nf3 Nc6 2. e3 e5 3. c4 Nf6 4. d4 exd4 5. Nxd4 Bb4+ 6. Bd2 Bxd2+ 7. Qxd2 O-O 8. Nc3 Nxd4 9. Qxd4 Re8 10. Be2 d6 11. g4 Qe7 12. O-O-O Qe5 13. Qxe5 Rxe5 14. Rhg1 Bd7 15. Nd5 Nxd5 16. Rxd5 Rae8 17. Kd2 Bc6 18.
Rxe5 Rxe5 19. f4 Re7 20. b4 b6 21. a4 f6 22. Ra1 g5 23. a5 Kg7 24. axb6 axb6 25. Bd3 Bf3 26. Rg1 h6 27. Rg3 Bb7 28.
Rg1 Re8 29. Ra1 Bf3 30. h3 Bg2 31. Rg1 Bb7 32. Ra1 Bg2 33. Rg1 Bc6 34. Ra1 Re7 35.
Bf1 Be8 36. Bg2 h5 37. Ra7 h4 38. Bd5 Bg6 39. f5 Be8 40. b5 Kf8 41. e4 c5 42.
Ra6 Bf7 43. Rxb6 Bxd5 44. exd5 Re4 45. Rxd6 Rxc4 46. b6 Rb4 47. Rxf6+ Ke7 48. Rc6 Rb3 49. Rg6 c4 50. b7 Kf7 51. Rxg5 Rxb7 52. Rh5 Rb3 53.
Rxh4 Rd3+ 54. Kc2 Rxd5 55. Rh6 Rd3 56. g5 Rg3 57. h4 Kg7 58. f6+ Kf7 59. Rh7+ Ke6 60.
Rc7 Rh3 61. Rxc4 Kf7 62. Rd4 Kg6 63. Rf4 Rg3 64. f7 Rg2+ 65. Kd3 Kh5 66. f8=Q Rg4 67. Rxg4 1-0

[Event "Late-Titled-Tuesday-Blitz-February-06-2024"]
[Site "Chess.com"]
[Date "2024.02.06"]
[Round "5"]
[White "tptagain"]
[Black "grzechu96"]
[Result "1/2-1/2"]
[WhiteElo "2946"]
[BlackElo "2748"]
[TimeControl "180+1"]
[EndTime "14:56:19 PST"]
[Termination "Game drawn - insufficient material"]

1. Nf3 d5 2. c4 c6 3. e3 Nf6 4.
Nc3 e6 5. b3 Bd6 6. Bb2 O-O 7.
d4 Nbd7 8. Bd3 e5 9. cxd5 cxd5 10. dxe5 Nxe5 11. Be2 Nxf3+ 12. Bxf3 Be5 13. Qd2 Re8 14. Ne2 Bxb2 15. Qxb2 Bf5 16. O-O Be4 17. Nd4 Rc8 18. Rac1 Qd7 19. Be2 a6 20. b4 Rxc1 21. Rxc1 Rc8 22.
Rc3 Ne8 23. Rc5 Nd6 24. Qc3 h6 25. h3 Rxc5 26. bxc5 Qc7 27. Qb4 Nc8 28. a4 Ne7 29. Qb6 Qxb6 30. cxb6 Nc8 31. a5 Nd6 32. Nb3 Kf8 33.
Nc5 Ke7 34. Bxa6 bxa6 35. b7 Nxb7 36. Nxb7 d4 37. Nc5 d3 38. Kf1 d2 39. Ke2 Bxg2 40. Kxd2 Bf1 41. h4 Kd6 42. Nb3 Kd5 43. Kc3 Ke4 44. Nd4 Bg2 45. Kd2 Bf1 46. Kc3 g6 47. Kd2 h5 48. Ke1 Bc4 49. Kd2 f6 50. Ke1 g5 51.
hxg5 fxg5 52. Kd2 h4 53. f3+ Ke5 54. Ke1 Kd5 55. Kf2 Kc5 56. Nf5 Kb4 57. f4 gxf4 58. exf4 h3 59. Kg3 Kxa5 60. Ne3 Be6 61. f5 Bf7 62. Ng4 Kb4 63. Ne5 Be8 64. f6 a5 65.
Nc6+ Kb5 66. Nxa5 Kxa5 67. Kxh3 Kb5 68. f7 Bxf7 1/2-1/2

[Event "Late-Titled-Tuesday-Blitz-February-06-2024"]
[Site "Chess.com"]
[Date "2024.02.06"]
[Round "5"]
[White "Bilan_Danila"]
[Black "sari07"]
[Result "1-0"]
[WhiteElo "2610"]
[BlackElo "2427"]
[TimeControl "180+1"]
[EndTime "14:56:20 PST"]
[Termination "Bilan_Danila won by checkmate"]

1. d4 d5 2. Nf3 Nf6 3. c4 c6 4. Nc3 dxc4 5. a4 Bf5 6. e3 e6 7.
Bxc4 Bb4 8. O-O Nbd7 9. Qe2 O-O 10. e4 Bg4 11. Bg5 h6 12. Bh4 Be7 13. Rad1 Re8 14.
Rfe1 Qa5 15. Qe3 Qh5 16. Bg3 Bxf3 17. gxf3 Nh7 18. f4 Bb4 19. Kg2 Kh8 20. Re2 g5 21. e5 Rg8 22. Ne4 gxf4 23. Qxf4 Ng5 24. Nxg5 Rxg5 25. Bd3 Rag8 26. Qf3 Qxf3+ 27. Kxf3 c5 28. dxc5 Nxc5 29. Bh4 Nxd3 30. Bxg5 Nxe5+ 31. Rxe5 hxg5 32. Rd7 Rg7 33. Rxb7 a5 34. Re4 Kh7 35. Rc4 f5 36.
Rxg7+ Kxg7 37. Kg2 Kf6 38. Rc6 Ke5 39. Rb6 Kd5 40. Rb5+ Kd6 41. Kf3 e5 42. Ke2 Ke6 43. f3 g4 44. fxg4 fxg4 45. Ke3 Kf5 46. Rb7 Be1 47.
Rf7+ Kg6 48. Rf1 Bb4 49. Ke4 Bd6 50. Rd1 Bc7 51. Rd7 Bb6 52. Rd6+ Kg5 53. Rxb6 Kh4 54. Kxe5 Kh3 55. Rh6+ Kg2 56. Kf4 g3 57. hxg3 Kg1 58.
Kf3 Kf1 59. Rh1# 1-0

[Event "Late-Titled-Tuesday-Blitz-February-06-2024"]
[Site "Chess.com"]
[Date "2024.02.06"]
[Round "5"]
[White "krzyzan94"]
[Black "Tsschessulover"]
[Result "0-1"]
[WhiteElo "2796"]
[BlackElo "2599"]
[TimeControl "180+1"]
[EndTime "14:56:31 PST"]
[Termination "Tsschessulover won on time"]

1. e4 e5 2. Nf3 Nf6 3. Nc3 Nc6 4. h3 d5 5. exd5 Nxd5 6. Bb5 Nxc3 7. bxc3 Bd6 8. d4 Bd7 9. O-O O-O 10. Re1 Nxd4 11.
Nxd4 exd4 12. Bxd7 Qxd7 13. cxd4 Qa4 14. Be3 Qc4 15. Rb1 b6 16. Rb3 Rfe8 17. Qd3 Qxd3 18. Rxd3 Bf4 19. c4 Bxe3 20. fxe3 c5 21. dxc5 bxc5 22. Rd5 Rac8 23. Kf2 Rc6 24. Rb1 Rf6+ 25. Ke2 Ra6 26. Rb2 Ra3 27. Rd3 Ra4 28. Rc2 g6 29.
a3 Re4 30. Rdc3 Re6 31. Rd2 Kg7 32. Rd7 Rea6 33. Rdd3 Rb6 34. Kf3 Rb2 35. Rd7 Ra2 36. Rb3 Ra6 37. g4 R2xa3 38. Rxa3 Rxa3 39. Rc7 Ra1 40.
Rxc5 a5 41. Rc6 a4 42. Ra6 a3 43. Kg2 a2 44. g5 Rc1 45. Rxa2 Rxc4 46. Kg3 Rb4 47.
Ra5 Rc4 48. Rd5 Rb4 49. Kf3 Ra4 50. e4 Rb4 51. Rd7 Ra4 52. e5 Kg8 53. Rd8+ Kg7 54. Re8 Rh4 55. Kg3 Re4 56. h4 Re1 57. Re7 Kf8 58. Ra7 Rxe5 59. Kf4 Rb5 60. Rc7 Rb4+ 61. Kg3 Kg7 62. Ra7 Rc4 63. Rd7 Rc3+ 64. Kg4 Rc2 65. Kg3 Rc1 66. Kg4 Rh1 67. Kg3 Rg1+ 68. Kf4 h6 69.
Ra7 h5 70. Ke5 Rg4 71. Kd6 Rxh4 0-1

[Event "Late-Titled-Tuesday-Blitz-February-06-2024"]
[Site "Chess.com"]
[Date "2024.02.06"]
[Round "5"]
[White "Pawngobblerx2000"]
[Black "LionTheLeon_06"]
[Result "0-1"]
[WhiteElo "2511"]
[BlackElo "2876"]
[TimeControl "180+1"]
[EndTime "14:56:31 PST"]
[Termination "LionTheLeon_06 won by checkmate"]

1. c4 b6 2. e4 Bb7 3. Nc3 c5 4. g3 g6 5. Bg2 Bg7 6. Nge2 d6 7. O-O Nc6 8. d3 Nf6 9. a3 O-O 10. Rb1 Nd7 11. b4 e6 12. Be3 Qe7 13. Qd2 Rfc8 14. Bg5 Qe8 15. Bh6 Bh8 16. Bf4 Qe7 17. Nb5 Nde5 18. Bg5 f6 19. Bf4 g5 20. Be3 Ng4 21.
f4 Nxe3 22. Qxe3 Rf8 23. Qd2 Rae8 24. f5 exf5 25. Rxf5 Bc8 26. Rff1 Ne5 27. Nec3 Bg4 28. Nd5 Qd7 29. Ne3 Be6 30. Nc3 Bg7 31. b5 f5 32.
exf5 Bxf5 33. Bd5+ Kh8 34. Ne4 Bg6 35. Qe2 h6 36.
Rxf8+ Rxf8 37. Rf1 Rxf1+ 38. Qxf1 Kh7 39. Qe2 g4 40.
Nf2 h5 41. Be4 Qf7 42. Kg2 Qe6 43. Nd5 Qf7 44. Nf4 Bxe4+ 45. Qxe4+ Kh6 46. Nd1 Bf6 47. Ne3 Be7 48. Nf5+ Kg5 49. Ne3 Bf8 50. Qd5 h4 51.
Ne6+ Kh6 52. Nf4 h3+ 53. Kh1 Qxd5+ 54. Nexd5 Kg5 55. Nc7 Bh6 56. Nce6+ Kf5 57. Kg1 Bxf4 58. Nxf4 Nf3+ 59. Kh1 Ne1 60. Kg1 Nc2 61. a4 Ne1 62.
Kf2 Nf3 63. Nd5 Nxh2 64. a5 bxa5 65. Ne7+ Ke6 66. Nc6 a4 67. Nxa7 a3 68. b6 a2 69. b7 a1=Q 70. b8=Q Qf1+ 71. Ke3 Qe1+ 72. Kf4 Qe5# 0-1

[Event "Late-Titled-Tuesday-Blitz-February-06-2024"]
[Site "Chess.com"]
[Date "2024.02.06"]
[Round "5"]
[White "Vicmary2005"]
[Black "jcmesafischer"]
[Result "1-0"]
[WhiteElo "2036"]
[BlackElo "2354"]
[TimeControl "180+1"]
[EndTime "14:56:31 PST"]
[Termination "Vicmary2005 won by checkmate"]

1. e4 c5 2. Nf3 d6 3. d4 cxd4 4.
Qxd4 Nf6 5. Bg5 Nc6 6. Bb5 Qa5+ 7. Nc3 Qxb5 8. Nxb5 Nxd4 9. Nfxd4 Nxe4 10. Nc7+ Kd7 11. Nxa8 Nxg5 12. Nb5 a6 13. Nc3 Kc6 14. a4 b6 15. a5 bxa5 16. Rxa5 Bb7 17. Rxg5 Bxa8 18. O-O e5 19. Rg3 g6 20. Rd1 f5 21. Nd5 e4 22.
Rc3+ Kb7 23. Rb3+ Kc6 24. Rc3+ Kb7 25. Rc7+ Kb8 26. Rf7 Bh6 27. Nb4 Bf4 28. Nxa6+ Kc8 29. Rc7+ Kd8 30. Ra1 d5 31. Rf7 Ke8 32. Ra7 Bc6 33.
Nc7+ Kd7 34. Nxd5+ Kd6 35. Nxf4 Rb8 36. b3 Be8 37.
Ne2 Rc8 38. c4 Rb8 39. R7a3 Ke5 40. g3 g5 41. Kf1 Kf6 42. Ke1 Ke5 43. Nc3 f4 44.
Nd5 Bf7 45. Nc7 e3 46. Ra5+ Ke4 47. Rxg5 Rxb3 48. gxf4 Bxc4 49. fxe3 Rxe3+ 50. Kf2 Re2+ 51. Kg1 Kf3 52. Rg3+ Kxf4 53. Ra4 Re1+ 54. Kg2 Re2+ 55. Kh3 Re4 56. Rc3 Be6+ 57. Nxe6+ Ke5 58. Rxe4+ Kxe4 59. Ng5+ Kf5 60. Nxh7 Kg6 61. Rg3+ Kf7 62. Kg2 Ke7 63. h4 Kf7 64. h5 Ke6 65. Ng5+ Kf6 66. Nf3 Kf5 67.
h6 Kf6 68. h7 Kf5 69. h8=Q Kf4 70. Qe5# 1-0

[Event "Late-Titled-Tuesday-Blitz-February-06-2024"]
[Site "Chess.com"]
[Date "2024.02.06"]
[Round "5"]
[White "IsaqueGoncalvesSanto"]
[Black "rionelG"]
[Result "0-1"]
[WhiteElo "1927"]
[BlackElo "2239"]
[TimeControl "180+1"]
[EndTime "14:56:31 PST"]
[Termination "rionelG won on time"]

1. d4 d5 2. c4 e6 3. Nc3 Nf6 4. Bg5 Be7 5. Nf3 O-O 6. e3 a6 7. Rc1 h6 8. Bh4 Nbd7 9. cxd5 exd5 10. Bd3 c6 11. O-O Re8 12. h3 Ne4 13. Nxe4 dxe4 14. Bxe7 Qxe7 15. Bxe4 Qxe4 16. Nd2 Qg6 17. Qc2 Qxc2 18.
Rxc2 Nf6 19. Re1 Bf5 20. Rc5 Bg6 21. f3 Rad8 22. Nb3 Nd5 23. e4 Nf4 24. Rd1 f6 25. Kf2 Bf7 26. Ke3 Ne6 27. Rc3 Nc7 28. Nc1 Rd7 29. Rcd3 Nd5+ 30. Kf2 Nb4 31. R3d2 Nxa2 32. Nxa2 Bxa2 33. Ke3 Red8 34. b4 Bb3 35. Rb1 Ba4 36.
Rc1 Kf7 37. Rc5 Bb5 38. f4 g6 39. g4 Re8 40. Kf3 Rde7 41. e5 fxe5 42. dxe5 b6 43.
Rc1 Ke6 44. Rd6+ Kf7 45. Rf6+ Kg7 46. Rd1 Re6 47. Rxe6 Rxe6 48. Rd7+ Kf8 49. Ke4 a5 50. f5 gxf5+ 51. gxf5 Re7 52. Rd8+ Kf7 53. bxa5 bxa5 54. e6+ Kf6 55. Rf8+ Kg7 56. Ra8 Rb7 57. Ke5 Bc4 58. f6+ Kg6 59. e7 Bf7 60. e8=Q Rb5+ 61. Kd6 Bxe8 0-1

[Event "Late-Titled-Tuesday-Blitz-February-06-2024"]
[Site "Chess.com"]
[Date "2024.02.06"]
[Round "5"]
[White "Ducke13"]
[Black "Romadk"]
[Result "1-0"]
[WhiteElo "2301"]
[BlackElo "2509"]
[TimeControl "180+1"]
[EndTime "14:56:34 PST"]
[Termination "Ducke13 won by checkmate"]

1. d4 Nf6 2. g3 d5 3. Nf3 e6 4.
Bg2 Be7 5. O-O O-O 6. c4 dxc4 7.
Na3 c5 8. Nxc4 Nc6 9. dxc5 Bxc5 10. a3 b5 11. Nce5 Bb7 12. Bg5 Nxe5 13. Nxe5 Bxg2 14.
Kxg2 Qd5+ 15. Nf3 Rfd8 16. Bxf6 gxf6 17. Qxd5 Rxd5 18. Rac1 Rad8 19. Rc2 Bb6 20. Rfc1 Kg7 21. Ne1 e5 22. Nd3 f5 23. Rc6 R8d7 24. R1c2 Bd4 25. Rc8 Bb6 26. h3 Bd4 27. Nb4 R5d6 28. Nc6 Kf6 29.
e3 Bb6 30. Nb4 Rd2 31. Rxd2 Rxd2 32. Rc6+ Ke7 33. Rc2 Bxe3 34. Rxd2 Bxd2 35. Nc6+ Kd6 36. Nxa7 Kc5 37. b3 Bc1 38. a4 bxa4 39. bxa4 Kb6 40. Nc8+ Ka5 41. Nd6 Kxa4 42. Nxf7 Bb2 43. Nd6 f4 44.
gxf4 exf4 45. Kf3 Be5 46. Nc4 Bc7 47. Nd2 Kb4 48. Ke4 Kc3 49. Nf3 Kc2 50. Ng5 h6 51. Nf7 Kd2 52. Nxh6 Ke2 53. Ng4 Bd8 54. Kxf4 Bh4 55. f3 Bd8 56. Ne5 Bc7 57. h4 Kd2 58.
h5 Kc3 59. h6 Kd4 60. Kf5 Bxe5 61. f4 Bh8 62. Ke6 Ke4 63. f5 Kf4 64. f6 Kg5 65. f7 Kxh6 66. f8=Q+ Bg7 67. Qg8 Kg6 68. Qf7+ Kh6 69.
Kf5 Bh8 70. Qg6# 1-0

[Event "Late-Titled-Tuesday-Blitz-February-06-2024"]
[Site "Chess.com"]
[Date "2024.02.06"]
[Round "5"]
[White "ProfessorChess101"]
[Black "szachmistrz2500"]
[Result "1-0"]
[WhiteElo "2798"]
[BlackElo "2498"]
[TimeControl "180+1"]
[EndTime "14:56:35 PST"]
[Termination "ProfessorChess101 won by resignation"]

1. e4 c5 2. Nc3 e6 3. Nf3 Nc6 4. d4 cxd4 5. Nxd4 Qc7 6. Be3 a6 7. a3 Nf6 8. Qf3 Be7 9. Qg3 Qxg3 10. hxg3 d6 11. Be2 Bd7 12. O-O-O Rc8 13. f4 Nxd4 14. Bxd4 Bc6 15. Bf3 O-O 16. g4 Nd7 17. g3 b5 18. Rh5 Rfd8 19. Rdh1 Nf8 20. Rd1 a5 21. Bb6 Rd7 22. Bxa5 g6 23. Rh2 f5 24. Rhd2 fxe4 25. Bxe4 Bxe4 26. Nxe4 d5 27. Nf2 Ra7 28. Bb6 Ra6 29. Bd4 b4 30. Rd3 bxa3 31. bxa3 Bxa3+ 32. Kd2 Bb4+ 33. c3 Ra2+ 34. Ke3 Bc5 35. R1d2 Ra1 36. Re2 Rg1 37. Kf3 Rc1 38. g5 Bxd4 39. cxd4 Rf1 40. Kg2 Rcc1 41. Ng4 Rg1+ 42. Kf3 Rcf1+ 43. Rf2 Rxf2+ 44.
Kxf2 Ra1 45. Rb3 Rd1 46. Ke3 Rg1 47. Ke2 Rg2+ 48. Kf3 Rd2 49. Nf6+ Kh8 50. Rb8 Kg7 51. Rb7+ Kh8 52. Rf7 Rd3+ 53. Ke2 Rxd4 54. Rxf8+ Kg7 55. Rg8+ Kf7 56. Rh8 e5 57. fxe5 Ke6 58. Re8+ Kf5 59. e6 Kxg5 60. Nxh7+ Kh6 61. Nf6 Kg7 62. Nd7 Re4+ 63.
Kf3 Re1 64. Nb6 d4 65. Nc4 d3 66. Rd8 Kf6 67. Rxd3 Rxe6 68. Rd6 Rxd6 69. Nxd6 Ke5 70. Nc4+ Kf5 71. Ne3+ Kg5 72. Ke4 Kf6 73. Kf4 g5+ 74.
Kg4 Kg6 75. Nd5 Kh6 76. Nc3 Kg6 77. Ne4 1-0

[Event "Late-Titled-Tuesday-Blitz-February-06-2024"]
[Site "Chess.com"]
[Date "2024.02.06"]
[Round "5"]
[White "Quaide7"]
[Black "Pachonpower"]
[Result "1-0"]
[WhiteElo "2175"]
[BlackElo "2284"]
[TimeControl "180+1"]
[EndTime "14:56:35 PST"]
[Termination "Quaide7 won by checkmate"]

1. e4 e6 2. d4 d5 3. Nd2 dxe4 4. Nxe4 Nd7 5. Nf3 Ngf6 6. Bg5 Be7 7. Bxf6 Nxf6 8.
Bd3 b6 9. c3 Bb7 10. Qe2 O-O 11. O-O g6 12. Rfe1 Re8 13. Rad1 Nd5 14. Qd2 Bf8 15.
Ne5 Bg7 16. a3 Nf6 17. Ng3 Nd7 18. Bb5 Nxe5 19. Bxe8 Nc4 20. Qe2 Qd5 21. Bxf7+ Kxf7 22. f3 Re8 23. Ne4 Nd6 24. h4 h6 25. Qc2 Qh5 26.
Qf2 Nxe4 27. fxe4+ Kg8 28. Qg3 e5 29. d5 Rd8 30. Rf1 Bc8 31. Qf2 Kh7 32. Qf7 Ba6 33. Rfe1 c5 34. Qc7 Rf8 35. d6 Qxh4 36. d7 Qf2+ 37. Kh1 Rf4 38. d8=Q Rh4+ 39. Qxh4 Qxh4+ 40. Kg1 h5 41. Re3 Kh6 42. Rd7 Bf6 43. Rh7+ Kg5 44.
Qd7 Qf4 45. Qd2 h4 46. Qf2 Bc4 47. Qxf4+ exf4 48. Rf3 a6 49. Rb7 Bd8 50. Rb8 Bc7 51. Rc8 Be5 52. Rc6 Bb5 53. Rxb6 Bc7 54. Rb7 Be5 55. Rb6 c4 56. Rf1 Bc7 57. Rb7 Bd6 58. Rd1 Bc5+ 59. Kh2 f3 60. Rd5+ Kf4 61. gxf3 Bf2 62.
Rf7+ Ke3 63. Kg2 Bg3 64. e5 Bc6 65. Rd6 Ba8 66. Rdd7 g5 67. e6 g4 68. e7 gxf3+ 69. Rxf3+ Bxf3+ 70. Kh3 Kf4 71. Rd8 Bg4+ 72. Kg2 Bf3+ 73.
Kf1 h3 74. e8=Q h2 75. Qf7+ Kg4 76. Rg8+ Kh3 77. Qh7+ Bh4 78. Qf5+ Bg4 79. Qxg4# 1-0

[Event "Late-Titled-Tuesday-Blitz-February-06-2024"]
[Site "Chess.com"]
[Date "2024.02.06"]
[Round "5"]
[White "dedpihto_v_kozhanom_palto"]
[Black "platy3"]
[Result "0-1"]
[WhiteElo "2700"]
[BlackElo "2951"]
[TimeControl "180+1"]
[EndTime "14:56:36 PST"]
[Termination "platy3 won by resignation"]

1. c4 Nf6 2. Nc3 e6 3. e4 d5 4. e5 d4 5. exf6 dxc3 6. bxc3 Qxf6 7. d4 b6 8. Be2 Bb7 9. Bf3 Bxf3 10. Nxf3 Nd7 11. O-O Bd6 12. Qa4 Qe7 13. Bg5 f6 14. Bh4 O-O 15. Rfe1 Qf7 16. Rad1 Rfe8 17. Bg3 Nf8 18. Qc6 Qd7 19. Qe4 Qa4 20. c5 bxc5 21. dxc5 Qxe4 22. Rxe4 Bxg3 23. hxg3 Red8 24. Rxd8 Rxd8 25.
Ra4 Rd5 26. Rxa7 Rxc5 27. Ra3 Nd7 28. Kf1 Nb6 29. Ke2 e5 30. Nd2 Kf7 31. Kd3 f5 32. Ra7 Ke6 33. Nb3 Rd5+ 34. Kc2 Kd6 35. a4 Nc4 36. a5 Na3+ 37. Kb2 Nc4+ 38. Kc2 Kc6 39. a6 Rd8 40. Rb7 Ra8 41. Rb4 Nb6 42. Na5+ Kd5 43. Rb5+ Kd6 44. Nb7+ Ke6 45. Kb3 Nd7 46. Ra5 c6 47. Kb4 Nb6 48. Kc5 Nd5 49. Kxc6 Rc8+ 50. Kb5 Rxc3 51. a7 Nc7+ 52. Kb4 Rc2 53.
Nc5+ Kd6 54. Nb3 Rxf2 55. a8=Q Nxa8 56. Rxa8 Rxg2 57. Ra7 Rxg3 58. Nc5 h5 59. Kc4 Rg4+ 60. Kb5 e4 61. Rd7+ Ke5 62. Kc4 g6 63. Re7+ Kf4 64. Kd4 h4 65. Ne6+ Kg3 66. Ra7 h3 67. Ke3 h2 68. Ra1 Kg2 69. Nf4+ Rxf4 70. Kxf4 h1=Q 71. Ra2+ Kh3 72. Ra3+ Qf3+ 0-1

[Event "Late-Titled-Tuesday-Blitz-February-06-2024"]
[Site "Chess.com"]
[Date "2024.02.06"]
[Round "5"]
[White "WindWhistler11"]
[Black "ChessBrainiacOnTwitch"]
[Result "0-1"]
[WhiteElo "2511"]
[BlackElo "2849"]
[TimeControl "180+1"]
[EndTime "14:56:36 PST"]
[Termination "ChessBrainiacOnTwitch won by resignation"]

1. Nf3 Nf6 2. g3 e6 3. Bg2 d5 4. c4 d4 5. e3 c5 6. exd4 cxd4 7. O-O Nc6 8. d3 Bd6 9. Na3 O-O 10. Re1 Re8 11.
Nc2 e5 12. Bg5 Bf5 13. Nh4 Be6 14. a3 h6 15. Bxf6 Qxf6 16. b4 g5 17. Nf3 Bg4 18. h3 Bh5 19. b5 e4 20. Rxe4 Rxe4 21. dxe4 Ne5 22. Ncxd4 Bc5 23. g4 Rd8 24. gxh5 Bxd4 25. Nxd4 Rxd4 26. Qe2 Qf4 27. Rd1 Rxc4 28. Qd2 Nf3+ 29.
Bxf3 Qxf3 30. Qd3 Qxe4 31. Qxe4 Rxe4 32. Rd7 Ra4 33. Rc7 Rxa3 34. Kg2 b6 35. Rc8+ Kg7 36.
Rc6 Ra5 37. Rc7 Kf6 38. Kf3 Ke6 39. Rc6+ Kf5 40. Rxh6 Rxb5 41. Kg3 Rb3+ 42. f3 a5 43. Rh7 Kf6 44. Rh8 Kg7 45. Rb8 a4 46. Ra8 b5 47.
Ra6 f6 48. Ra7+ Kh6 49. Kg4 a3 50. h4 gxh4 51. Ra6 Kg7 52. Kxh4 Rxf3 53. Kg4 Rb3 54. Kf5 b4 55. Ra7+ Kh6 56. Ra8 Rf3+ 57.
Kg4 Rb3 58. Kf5 Kg7 59. Ra7+ Kg8 60. Kg6 Rg3+ 61. Kxf6 Rf3+ 62. Kg6 Kf8 63. Ra8+ Ke7 64. Ra7+ Ke6 65. h6 Rg3+ 66. Kh5 b3 67. Rxa3 b2 68.
Rxg3 b1=Q 69. Rg6+ Kf7 70. Rg7+ Kf6 71. Rg8 Qh1+ 72.
Kg4 Qg2+ 0-1

[Event "Late-Titled-Tuesday-Blitz-February-06-2024"]
[Site "Chess.com"]
[Date "2024.02.06"]
[Round "5"]
[White "mitrabhaa"]
[Black "Goryachkina"]
[Result "0-1"]
[WhiteElo "2922"]
[BlackElo "2690"]
[TimeControl "180+1"]
[EndTime "14:56:40 PST"]
[Termination "Goryachkina won by resignation"]

1. Nf3 c5 2. c4 Nc6 3. d4 cxd4 4. Nxd4 Nf6 5. Nc3 e6 6. g3 Qb6 7. Ndb5 Ne5 8. Bf4 Nfg4 9. e3 a6 10. Qa4 g5 11. Bxe5 Nxe5 12. Be2 Rb8 13. O-O-O axb5 14. Nxb5 Nc6 15. Qb3 Qa5 16. h4 g4 17. Bxg4 Bg7 18.
Nd6+ Ke7 19. Rd2 Ra8 20. a3 Qa4 21. Qb6 Qa5 22. Qb3 Qa4 23. Qd3 Ne5 24. Qe4 Qc6 25.
Be2 Qxe4 26. Nxe4 b6 27. Nd6 Ba6 28. Rhd1 Ra7 29. f4 Nxc4 30. Bxc4 Bxc4 31. Nxc4 Rc7 32. Kb1 Rxc4 33. Rxd7+ Kf6 34. Rb7 Rc6 35. Rdd7 Rf8 36. g4 h6 37. Ka2 Kg6 38. h5+ Kf6 39. e4 e5 40. fxe5+ Kxe5 41. Rxf7 Rxf7 42. Rxf7 Bf6 43. Rh7 Bg5 44. Rg7 Kxe4 45. Rg6 Rf6 46. b4 Kf4 47. Rg8 Kxg4 48. a4 Kxh5 49. Kb3 Kg4 50. Rd8 h5 51. Rd4+ Bf4 52. a5 bxa5 53. bxa5 h4 54. Ra4 h3 55. a6 h2 56. a7 Rf8 57. a8=Q Rxa8 58.
Rxa8 h1=Q 59. Rc8 Kf3 60. Rc3+ Kg4 61. Kc4 Qe4+ 62. Kb3 Qd5+ 63. Kb4 Qd4+ 64. Kb3 Qd5+ 65. Kc2 Qe4+ 66. Kb3 Qe6+ 67. Kc2 Be5 68. Rd3 Qc4+ 69. Kd2 Bf4+ 0-1

[Event "Late-Titled-Tuesday-Blitz-February-06-2024"]
[Site "Chess.com"]
[Date "2024.02.06"]
[Round "5"]
[White "NeverGiveUppp"]
[Black "AsterPhoenix"]
[Result "0-1"]
[WhiteElo "2421"]
[BlackElo "2628"]
[TimeControl "180+1"]
[EndTime "14:56:41 PST"]
[Termination "AsterPhoenix won on time"]

1. e4 c5 2. Nf3 e6 3. d4 cxd4 4. Nxd4 Nf6 5. Nc3 Nc6 6. Ndb5 d6 7. Bf4 e5 8. Bg5 a6 9. Na3 b5 10. Nd5 Be7 11. Bxf6 Bxf6 12. c3 O-O 13. Nc2 Be6 14. Be2 Bg5 15. O-O Ne7 16. Nce3 Rb8 17. Nxe7+ Qxe7 18.
Nd5 Qb7 19. g3 f5 20. Bf3 Bxd5 21. exd5 b4 22. c4 Qb6 23. Bg2 Qc5 24. b3 a5 25.
Qh5 Bd2 26. Rad1 g6 27. Qe2 Bc3 28. Qc2 a4 29. Kh1 Ra8 30. Qe2 axb3 31. axb3 Ra3 32. Rb1 Rfa8 33. g4 Ra2 34. Qf3 Rf8 35. Qh3 Rxf2 36. Rxf2 Qxf2 37. Rf1 Qc2 38. gxf5 Rxf5 39. c5 dxc5 40. d6 Kf8 41. Rxf5+ Qxf5 42. Qxf5+ gxf5 43. Bh3 f4 44. Bf5 Ke8 45. Kg2 h6 46. Kf3 Bd4 47. Ke4 Kd8 48. h3 h5 49. Bg6 h4 50.
Bf5 Bb2 51. Bg4 Bd4 52. Bf5 c4 53. bxc4 b3 54. Kd3 b2 55. Kc2 f3 56. Be4 f2 57.
Bg2 e4 58. Kb1 e3 59. Bf1 Bc5 60. Kc2 Kd7 61. Kxb2 Kxd6 62. Kc2 Ke5 63. Kd3 Kf4 64. Ke2 Kg3 65. Kd3 Kf3 66. Be2+ Kg2 67. Ke4 f1=Q 68. Bxf1+ Kxf1 69. Kd5 Ba3 70. c5 Bxc5 71. Kxc5 e2 0-1